AoeStats
← nonoleboss

Arena

507153317Analyzed
4v4 RM · 16d ago on Sep 16, 2026· 60m 52s· 8 players
Game mode
Random Map
Map size
Large (8 player)
Population
200
Speed
Normal
Resources
Standard
Victory
Conquest
Starting age
Dark Age
Ending age
Imperial Age
RankedLock teamsTeams togetherTeam positionsShared explorationLock speedFull tech treeHidden civsTurbo modeCheats
Victory
Defeat
🇲🇽 Lithuanians · Mexico
1341
+14
🇲🇽 Khmer · Mexico
1337
+14
🇫🇷 Japanese · France
1309
+15
🇺🇸 Bohemians · United States
1274
+15
🇪🇸 Bengalis · Spain
1303
-15
🇨🇳 Burgundians · China
1295
-15
1290
-15
🇨🇳 Vikings · China
1252
-13
タタールが村に入った5番
10:53 Feudal Age
14:40 Castle Age
14:27 Double-Bit Axe
14:58 Loom
14:45 Light Cavalry
18:21 Husbandry
23:48 Wheelbarrow
23:17 Horse Collar
28:40 Imperial Age
26:30 Bloodlines
28:28 Scale Barding Armor
30:09 Forging
30:20 Elite Steppe Lancer
32:21 Chain Barding Armor
32:41 Iron Casting
34:06 Plate Barding Armor
36:26 Blast Furnace
KRAIKTON
10:30 Feudal Age
14:09 Castle Age
12:41 Double-Bit Axe
13:10 Horse Collar
16:01 Bow Saw
20:51 Wheelbarrow
21:16 Heavy Plow
21:08 Gold Mining
23:06 Hand Cart
23:09 Stone Mining
24:34 Gold Shaft Mining
24:59 Loom
25:00 Town Watch
26:09 Scale Barding Armor
26:15 Forging
26:31 Fervor
29:16 Imperial Age
29:17 Bloodlines
29:08 Husbandry
29:33 Chain Barding Armor
29:48 Iron Casting
29:04 Fletching
29:20 Elite Battle Elephant
31:03 Two-Man Saw
30:31 Conscription
30:54 Crop Rotation
32:07 Paiks
33:26 Blast Furnace
35:10 Plate Barding Armor
44:34 Mahayana
46:07 Caravan
小明
11:27 Feudal Age
10:55 Double-Bit Axe
10:56 Horse Collar
17:06 Castle Age
15:27 Bow Saw
15:48 Heavy Plow
20:21 Two-Man Saw
20:00 Wheelbarrow
19:32 Loom
20:50 Crop Rotation
21:02 Gold Mining
22:00 Stone Mining
23:49 Hand Cart
24:16 Gold Shaft Mining
26:47 Town Watch
30:18 Imperial Age
28:00 Forging
27:56 Scale Barding Armor
30:36 Iron Casting
30:22 Chain Barding Armor
30:41 Masonry
31:38 Conscription
32:20 Blast Furnace
31:35 Elite Coustillier
34:20 Ballistics
36:05 Chemistry
35:59 Plate Barding Armor
36:36 Padded Archer Armor
38:18 Leather Archer Armor
41:27 Fletching
42:41 Stone Shaft Mining
45:23 Bodkin Arrow
47:38 Husbandry
46:59 Light Cavalry
48:18 Hussar
49:06 Bracer
56:37 Burgundian Vineyards
老k
10:30 Feudal Age
15:40 Castle Age
14:14 Horse Collar
14:20 Double-Bit Axe
17:11 Bow Saw
22:21 Heavy Plow
24:09 Loom
24:47 Treadmill Crane
25:25 Town Watch
28:36 Imperial Age
26:34 Fletching
27:05 Ballistics
27:08 Padded Archer Armor
27:25 Bodkin Arrow
27:34 Gold Mining
27:35 Stone Mining
28:16 Leather Archer Armor
28:16 Masonry
28:18 Fortified Wall
28:04 Murder Holes
28:53 Chieftains
28:14 Crossbowman
28:57 Scale Mail Armor
29:07 Forging
28:34 Pikeman
29:15 Squires
29:00 Gambesons
29:00 Arson
29:34 Arbalester
30:48 Chain Mail Armor
31:17 Conscription
32:04 Chemistry
31:28 Man-at-Arms
32:55 Hoardings
32:22 Bracer
33:06 Architecture
33:09 Ring Archer Armor
33:36 Plate Mail Armor
33:42 Iron Casting
32:59 Long Swordsman
33:46 Two-Handed Swordsman
35:10 Iron Casting
34:40 Champion
36:22 Crop Rotation
36:54 Two-Man Saw
38:06 Gold Shaft Mining
sgt peppers s
5:14 Loom
10:20 Feudal Age
13:56 Castle Age
12:33 Double-Bit Axe
13:40 Horse Collar
16:51 Loom
20:46 Wheelbarrow
22:49 Gold Mining
23:59 Bow Saw
23:55 Heavy Plow
29:10 Imperial Age
27:29 Hand Cart
28:56 Scale Barding Armor
29:02 Forging
29:21 Bloodlines
29:45 Forging
30:08 Chain Barding Armor
30:41 Conscription
31:07 Iron Casting
30:42 Husbandry
30:03 Elite Battle Elephant
32:16 Plate Barding Armor
33:12 Blast Furnace
32:59 Tusk Swords
34:34 Scale Mail Armor
34:15 Pikeman
34:40 Arson
34:43 Halberdier
35:45 Chain Mail Armor
41:36 Crop Rotation
58:02 Cavalier
58:04 Light Cavalry
bailey
11:17 Feudal Age
12:18 Double-Bit Axe
14:55 Castle Age
13:09 Horse Collar
16:34 Bow Saw
16:26 Heavy Plow
22:48 Wheelbarrow
23:04 Fervor
27:00 Hand Cart
27:13 Sanctity
29:28 Imperial Age
26:50 Loom
28:37 Chemistry
27:20 Treadmill Crane
28:23 Fletching
28:40 Pikeman
29:20 Squires
30:22 Wagenburg Tactics
30:38 Conscription
31:03 Scale Mail Armor
31:03 Padded Archer Armor
30:59 Bodkin Arrow
32:37 Two-Man Saw
32:41 Chain Mail Armor
32:35 Siege Engineers
33:02 Forging
34:24 Masonry
35:52 Architecture
35:45 Ballistics
36:04 Plate Mail Armor
36:09 Iron Casting
36:26 Leather Archer Armor
36:10 Halberdier
37:08 Houfnice
39:28 Blast Furnace
40:16 Caravan
41:15 Murder Holes
40:53 Elite Skirmisher
42:04 Ring Archer Armor
41:34 Bracer
43:41 Arson
45:25 Fortified Wall
48:03 Bombard Tower
48:07 Guard Tower
55:09 Keep
smen
10:43 Feudal Age
15:02 Castle Age
13:34 Double-Bit Axe
13:39 Horse Collar
17:22 Husbandry
20:22 Light Cavalry
22:14 Bow Saw
23:54 Wheelbarrow
26:16 Hand Cart
26:24 Heavy Plow
29:59 Imperial Age
27:16 Town Watch
27:17 Loom
27:49 Scale Barding Armor
27:56 Bloodlines
28:29 Gold Mining
29:03 Chain Barding Armor
28:54 Forging
30:06 Cavalier
31:46 Plate Barding Armor
31:58 Iron Casting
31:14 Fletching
33:45 Conscription
33:29 Tower Shields
33:37 Scale Mail Armor
35:24 Two-Man Saw
35:10 Squires
34:31 Pikeman
35:27 Chain Mail Armor
36:08 Halberdier
38:32 Chemistry
37:32 Murder Holes
38:20 Bodkin Arrow
40:39 Sanctity
40:35 Block Printing
40:30 Fervor
41:38 Ballistics
41:30 Masonry
43:42 Winged Hussar
46:45 Hill Forts
50:10 Illumination
50:24 Theocracy
50:56 Bracer
nonoleboss
11:18 Feudal Age
14:58 Castle Age
13:49 Horse Collar
14:24 Double-Bit Axe
16:39 Bow Saw
21:49 Heavy Plow
23:14 Scale Mail Armor
24:31 Squires
25:19 Loom
26:09 Wheelbarrow
25:20 Town Watch
26:13 Chain Mail Armor
26:08 Forging
25:46 Loom
32:38 Imperial Age
30:25 Hand Cart
33:13 Iron Casting
32:24 Pikeman
33:10 Halberdier
34:15 Conscription
33:25 Capped Ram
33:36 Elite Samurai
34:54 Hoardings
34:31 Masonry
35:45 Plate Mail Armor
45:26 Two-Man Saw
46:15 Fletching
47:28 Blast Furnace
56:19 Bodkin Arrow
56:25 Padded Archer Armor
56:48 Ballistics
57:28 Chemistry
56:50 Elite Skirmisher
57:36 Thumb Ring
57:33 Bracer
58:31 Leather Archer Armor
Connection lost

Rejoining the realm…

Still unreachable

The connection could not be restored.

Session expired

The server has moved on; the page needs a fresh start.